 Dungeon Crawl Stone Soup version 0.26.0-45-g9c1d065592 (webtiles) character file.

Game seed: 13222228901416590588

76 kaeus the Stinger (level 4, -6/24 HPs)
             Began as a Gargoyle Venom Mage on Jan 28, 2021.
             Mangled by a worm (9 damage)
             ... on level 2 of the Dungeon.
             The game lasted 00:03:10 (1771 turns).

kaeus the Stinger (Gargoyle Venom Mage)             Turns: 1771, Time: 00:03:11

Health: -6/24      AC:  6    Str: 11    XL:     4   Next: 32%
Magic:  5/7        EV: 11    Int: 17    God:
Gold:   123        SH:  0    Dex: 10    Spells: 4/8 levels left

rFire    + . .     SeeInvis .   e - +0 hand axe
rCold    . . .     Faith    .   (no shield)
rNeg     + . .     Spirit   .   l - +0 leather armour
rPois    ∞         Reflect  .   (no helmet)
rElec    +         Harm     .   (no cloak)
rCorr    .         Rampage  .   (no gloves)
Will     .....                  (no boots)
Stlth    ++........             f - amulet of magic regeneration
HPRegen  0.08/turn              k - ring of protection from fire
MPRegen  0.35/turn              (no ring)

@: no status effects
A: negative energy resistance 1, electricity resistance, unbreathing,
petrification resistance, miasma immunity, AC +3
a: no special abilities


You were on level 2 of the Dungeon.
You visited 1 branch of the dungeon, and saw 3 of its levels.

You collected 123 gold pieces.

Inventory:

Hand Weapons
 e - a +0 hand axe (weapon)
Armour
 l - a +0 leather armour (worn)
Jewellery
 f - an amulet of magic regeneration (around neck)
 k - a ring of protection from fire (left hand)
Scrolls
 b - 2 scrolls of remove curse
 d - a scroll of magic mapping {unknown}
 h - 3 scrolls of identify {unknown}
 i - a scroll of enchant weapon {unknown}
Potions
 c - 2 potions of curing {unknown}
 g - a potion of degeneration {unknown}
 j - a potion of heal wounds {unknown}


   Skills:
 - Level 1.5 Dodging
 - Level 2.1 Stealth
 + Level 2.5 Spellcasting
 + Level 1.6 Transmutations
 + Level 0.9 Fire Magic
 * Level 4.0 Poison Magic


You had 4 spell levels left.
You knew the following spells:

 Your Spells              Type           Power        Failure   Level
a - Sting                 Tmut/Pois      44%          8%          1
b - Ignite Poison         Fire/Tmut/Pois 9%           30%         3

Your spell library contained the following spells:

 Spells                   Type           Power        Failure   Level
 Poisonous Vapours        Pois/Air       18%          16%         2
 Mephitic Cloud           Conj/Pois/Air  6%           38%         3
 Olgreb's Toxic Radiance  Pois           16%          41%         4
 Confusing Touch          Hex            2%           58%         3
 Gell's Gravitas          Tloc           1%           58%         3
 Petrify                  Tmut/Erth      4%           86%         4
 Yara's Violent Unravell  Hex/Tmut       2%           99%         5
 Metabolic Englaciation   Hex/Ice        1%           100%        5


Dungeon Overview and Level Annotations

Branches:
Dungeon (3/15)

Altars:

Annotations:
D:1 1 runed translucent door


Innate Abilities, Weirdness & Mutations

You are resistant to torment.
Your stone body is resilient. (AC +3)
You are immune to poison.
You resist negative energy. (rN+)
You are resistant to electric shocks. (rElec)
You can survive without breathing.
You are immune to petrification.
You are immune to miasma.


Message History

Input macro action: Z Created macro 'z' => 'Z'.
Unknown command.
Saving game... please wait.
Welcome back, kaeus the Gargoyle Venom Mage.
Press ? for a list of commands and other information.
Cast which spell? (? or * to list)
You don't know that spell.
Saving game... please wait.
Welcome back, kaeus the Gargoyle Venom Mage.
Press ? for a list of commands and other information.
Cast which spell? (? or * to list)
Aiming: Sting (safe; 8% risk of failure)
Press: ? - help, Shift-Dir - straight line, f - orc wizard
Aim: an orc wizard, wielding a +0 dagger and wearing a +0 robe (36% to evade)
The sting hits the orc wizard.
The orc wizard is poisoned.
The orc wizard is lightly wounded.
The orc wizard hits you but does no damage.
The orc closely misses you. The worm bites you!
You die...

.#########.##.##.# #.#
#.# .##.........#..#.#
#.# #.#
.##.........##.#.# #.#
#.# .##.........##.#.#
####.# #.#
.##.....†...##...###....#
#.#
###.....................#
#.#
#.........###........##
#.#
#.[.......####[.....##
#.# #............w@o....#
#.# #.........#####o....#
#.# ####.###### #######
#.# #.# #.#
#.####################.#
#.##...................#
#.##.###################
#.##.# #.##.#


You could see a worm (poisoned), an orc wizard (poisoned) and an orc.

Vanquished Creatures
  3 adders (D:2)
  2 worms (D:2)
  A leopard gecko (D:2)
  An orc (D:2)
  8 bats
  2 giant cockroaches (D:1)
  6 goblins
  4 hobgoblins (D:1)
  A quokka (D:2)
  A ball python (D:1)
  3 frilled lizards
  2 kobolds (D:2)
  9 rats
43 creatures vanquished.

Notes
Turn   | Place    | Note
-------+----------+-------------------------------------------
     0 | D:1      | kaeus the Gargoyle Venom Mage began the quest for the Orb.
     0 | D:1      | Reached XP level 1. HP: 10/10 MP: 3/3
     1 | D:1      | Found a runed translucent door.
   217 | D:1      | Reached skill level 1 in Transmutations
   279 | D:1      | Reached XP level 2. HP: 15/15 MP: 1/5
   835 | D:2      | Reached XP level 3. HP: 19/19 MP: 6/6
   867 | D:2      | Learned a level 3 spell: Ignite Poison
   945 | D:2      | Found a faded altar of an unknown god.
  1249 | D:2      | Reached XP level 4. HP: 21/24 MP: 5/7
  1344 | D:2      | Reached skill level 4 in Poison Magic
  1771 | D:2      | Mangled by a worm

Illustrated notes

Levels and vault maps discovered:
D:1:      dpeg_arrival_caged_fury, layout_loops_ring, lemuel_old_faithful
D:2:      layout_basic, chequers_ecumenical_altar_simple,
          wander_ebering_terrifying_dragon_lair
D:3:      layout_rooms

Skill      XL: |  1  2  3  4 |
---------------+-------------+-----
Transmutations | 1 |  1.6
Poison Magic   | 4 |  4.0
Dodging        | |  1.5
Stealth        | |  2.1
Spellcasting   | |  2.5
Fire Magic     | |  0.9

Action                   |  1- 3 |  4- 6 || total
-------------------------+-------+-------++-------
Melee: Unarmed           |     6 |       ||     6
       Hand axe          |    31 |    30 ||    61
 Cast: Sting             |    43 |    11 ||    54
  Use: Scroll            |     1 |       ||     1
Armor: Robe              |    15 |     3 ||    18
       Leather armour    |       |     9 ||     9
Dodge: Dodged            |    28 |    19 ||    47
